[Event "Continental-ch Women America 2017"]
[Site "Villa Martelli"]
[Date "2017.09.10"]
[Round "5"]
[White "Cordero, Daniela"]
[Black "Strgacich, Aylen"]
[Result "1-0"]
[ECO "D74"]
[WhiteElo "2005"]
[BlackElo "1897"]
[Annotator "NA RC"]
[PlyCount "69"]
[EventDate "2017.??.??"]
[EventType "swiss"]
[EventCountry "ARG"]
[SourceTitle "playchess.com"]
[Source "ChessBase"]
[SourceQuality "1"]
[TimeControl "40/5400+30:1800+30"]

1. d4 Nf6 2. Nf3 g6 3. c4 Bg7 4. g3 O-O 5. Bg2 d5 6. cxd5 Nxd5 7. O-O c5 8. e4 Nf6 {[%emt 0:09:16] LiveBook: 47 Games} 9. e5 Nd5 10. Nc3 cxd4 11. Qxd4 Nxc3 12. Qxc3 Nc6 {[%emt 0:00:02] D75: Fianchetto Grünfeld: Main Line with 7...c5} 13. Bf4 Qb6 $146 ({Predecessor:} 13... Bf5 14. Qc5 Rc8 15. Rfd1 Qb6 16. Qxb6 axb6 17. Rd5 Be4 18. Rd7 Bxf3 19. Bxf3 Nxe5 20. Bxe5 Bxe5 21. Rxe7 Bxb2 {½-½ (29) Ladanyi,T (2215)-Kis,B (2145) Budapest 1998}) 14. h3 h6 15. Be3 Qc7 16. b4 Kh7 {[%emt 0:09:53] [#]} (16... a6 $11 {remains equal.}) 17. b5 $1 Bxe5 18. Nxe5 Qxe5 19. Qc4 Nd8 20. Qh4 g5 21. Qb4 a5 22. Qa3 Qxb5 23. Qxe7 Re8 $1 24. Qc7 Bf5 25. Rac1 Rc8 26. Qd6 Nc6 $2 {[%emt 0:00:00] [#]} (26... Re6 $11 {and Black has nothing to worry.} 27. Qa3 Rxc1 28. Rxc1 Be4) 27. Rc5 $1 Qd3 {[%emt 0:01:02] [#]} 28. Rd5 $1 Qc2 29. Rc1 Qxa2 $2 (29... Rxe3 30. Rxc2 Re1+ 31. Kh2 Bxc2) 30. Rxf5 Qe6 31. Qd3 Kg8 32. Bd5 Nb4 33. Bxe6 Rxc1+ $18 34. Bxc1 Nxd3 35. Bxf7+ 1-0